Map: Remanso LE

Players

CosoColor - Winner!

  • Race: Zerg Zerg
  • League: Silver
  • Spawn Location: 11:00

IagoAbreu

  • Race: Protoss Protoss
  • League: Silver
  • Spawn Location: 5:00

VOD

Have the link to the VOD?

Description

Time

  • Played on: March 7, 2018, 12:21 p.m.
  • Length: 17:57
Show
View Real Time Build Order
Export as new Build Order

CosoColor Zerg - Winner!

Build Orders: Pool First 

Get SALT Encoding   

  12  0:08  Drone x2  
  14  0:20  Overlord  
  14  0:25  Extractor  
  14  0:28  Drone  
  14  0:46  Drone, Spawning Pool  
  14  0:48  Drone  
  15  0:53  Drone  
  16  1:21  Drone x2  
  18  1:37  Zergling x2  
  18  1:38  Zergling x2  
  20  1:43  Queen  
  22  1:52  Roach Warren  
  22  1:54  Zergling x2  
  22  2:05  Overlord  
  22  2:16  Zergling x2, Extractor  
  22  2:24  Zergling x2  
  23  2:30  Zergling x2  
  24  2:44  Zergling x2  
  25  3:13  Roach  
  25  3:14  Roach  
  25  3:16  Overlord x2  
  29  3:39  Roach x2  
  33  3:49  Drone  
  34  3:59  Zergling x2  
  35  4:04  Ravager, Hatchery  
  35  4:05  Ravager x2  
  35  4:07  Ravager  
  35  4:09  Zergling x2  
  39  4:12  Lair  
  39  4:35  Roach x3  
  45  4:47  Drone  
  46  4:53  Overlord  
  46  5:12  Spire  
  37  5:36  Drone x2  
  37  5:39  Ravager  
  37  5:40  Ravager x2  
  37  5:41  Overlord  
  42  5:47  Drone x2  
  44  5:55  Evolution Chamber  
  43  6:03  Glial Reconstitution  
  43  6:09  Drone  
  44  6:21  Queen  
  44  6:25  Drone x2  
  48  6:29  Drone  
  49  6:43  Zerg Ground Armor Level 1  
  49  6:47  Drone  
  49  6:48  Drone  
  49  6:53  Mutalisk  
  53  7:09  Metabolic Boost  
  53  7:16  Mutalisk  
  53  7:22  Extractor  
  54  7:26  Drone x2  
  54  7:27  Drone  
  57  7:33  Extractor  
  57  7:37  Zerg Flyer Weapons Level 1  
  56  7:50  Drone x4  
  60  7:59  Mutalisk  
  62  8:08  Hydralisk Den  
  61  8:20  Tunneling Claws  
  61  8:24  Zergling x6  
  61  8:26  Overlord x2  
  64  8:29  Overseer  
  64  8:38  Drone x3  
  67  9:03  Mutalisk  
  67  9:04  Mutalisk x2  
  73  9:16  Hydralisk x4  
  81  9:21  Hydralisk  
  83  9:36  Zerg Missile Weapons Level 1  
  83  9:46  Overlord x2  
  83  9:47  Overlord  
  83  10:03  Pneumatized Carapace  
  83  10:05  Mutalisk x3  
  89  10:08  Zergling x2  
  89  10:09  Zergling x10  
  95  10:31  Hydralisk x2  
  99  10:39  Spore Crawler  
  99  10:41  Hydralisk x2  
  102  10:59  Hydralisk x2  
  102  11:00  Spore Crawler  
  102  11:01  Hydralisk  
  107  11:32  Overlord x2  
  105  11:55  Hydralisk x5  
  115  12:01  Hatchery, Corruptor  
  116  12:25  Overseer  
  116  12:37  Overlord x2  
  116  12:48  Overlord  
  116  12:50  Overlord  
  116  13:09  Corruptor x2  
  116  13:11  Corruptor x2  
  124  13:15  Corruptor  
  126  13:26  Zerg Flyer Armor Level 1  
  126  13:33  Corruptor  
  128  14:07  Corruptor x3  
  134  14:36  Infestation Pit, Drone x3  
  117  15:57  Hatchery  
  116  16:22  Hive  
  69  17:11  Hydralisk x7  
  69  17:12  Hydralisk x2  
Show
View Real Time Build Order
Export as new Build Order

IagoAbreu Protoss 

Build Orders:  

Get SALT Encoding   

  12  0:14  Pylon  
  12  0:18  Probe (Chrono Boost)  
  13  0:28  Probe (Chrono Boost)  
  14  0:31  Pylon  
  14  0:33  Probe (Chrono Boost)  
  15  0:46  Forge  
  15  0:53  Probe  
  16  1:01  Pylon  
  16  1:26  Photon Cannon  
  15  1:35  Probe (Chrono Boost)  
  16  1:43  Assimilator  
  16  1:44  Probe (Chrono Boost)  
  17  1:50  Assimilator  
  17  1:55  Gateway  
  17  2:19  Pylon  
  17  2:24  Pylon  
  17  2:29  Probe (Chrono Boost)  
  18  2:39  Photon Cannon  
  18  2:40  Probe (Chrono Boost)  
  18  2:43  Photon Cannon  
  19  2:44  Pylon, Probe (Chrono Boost)  
  20  2:56  Probe  
  21  3:03  Photon Cannon  
  21  3:05  Photon Cannon x2  
  21  3:08  Probe  
  22  3:13  Photon Cannon  
  21  3:24  Probe  
  22  3:29  Gateway  
  22  3:35  Cybernetics Core  
  22  3:36  Probe  
  23  4:05  Gateway  
  23  4:06  Zealot  
  25  4:17  Stargate  
  25  4:23  Robotics Facility  
  25  4:29  Zealot  
  27  4:34  Protoss Air Weapons Level 1  
  29  4:53  Stalker  
  29  4:54  Stalker  
  31  5:02  Pylon  
  31  5:06  Pylon  
  31  5:11  Pylon  
  31  5:15  Pylon  
  31  5:33  Photon Cannon  
  31  5:35  Void Ray  
  35  5:46  Photon Cannon  
  35  6:00  Warp Prism  
  37  6:19  Nexus  
  37  6:30  Warp Gate (Chrono Boost)  
  37  6:36  Observer  
  38  6:49  Void Ray  
  42  6:57  Zealot x3  
  48  7:04  Observer  
  49  7:23  Protoss Ground Weapons Level 1 (Chrono Boost)  
  49  7:24  Void Ray  
  49  7:31  Observer (Chrono Boost)  
  54  7:39  Probe  
  55  7:51  Probe  
  56  8:03  Probe  
  57  8:15  Probe  
  58  8:27  Probe  
  59  8:35  Void Ray  
  59  8:40  Stalker  
  59  8:41  Stalker x2  
  69  8:44  Immortal (Chrono Boost)  
  72  9:08  Twilight Council  
  74  9:24  Warp Prism (Chrono Boost)  
  74  9:34  Assimilator  
  74  9:37  Assimilator  
  74  9:39  Pylon  
  74  9:41  Pylon  
  74  9:45  Pylon  
  74  10:03  Phoenix  
  76  10:13  Dark Shrine  
  76  10:17  Pylon  
  76  10:19  Observer  
  76  10:21  Charge  
  76  10:28  Phoenix  
  77  11:07  Phoenix  
  79  11:14  Stargate  
  79  11:17  Stargate  
  77  11:41  Immortal (Chrono Boost)  
  81  12:07  Void Ray  
  81  12:11  Phoenix x2  
  89  12:38  Observer (Chrono Boost)  
  90  12:49  Protoss Shields Level 1 (Chrono Boost)  
  90  12:53  Observer (Chrono Boost)  
  91  13:05  Phoenix  
  91  13:07  Phoenix  
  91  13:11  Observer  
  96  13:14  Void Ray  
  100  14:37  Dark Templar x3  
  106  14:44  Protoss Air Armor Level 1  
  106  14:46  Immortal  
  110  14:57  Pylon  
  110  14:58  Pylon  
  110  14:59  Void Ray  
  109  15:00  Pylon  
  109  15:14  Phoenix x2  
  71  15:52  Warp Prism (Chrono Boost)  
  73  16:13  Phoenix  
  73  16:14  Phoenix  
  73  16:16  Phoenix  
  79  16:29  Immortal (Chrono Boost)  
  59  16:59  Dark Templar  
  24  17:33  Stalker x2  
  24  17:37  Stalker  
Tags
 
Add a new tag
Caveats
  • Supply blocks, unpowered buildings, or Contaminate may cause inaccurate times.
  • Supply counts are checked every 10 seconds.